 Dungeon Crawl Stone Soup version 0.27.1-33-g824d729ab1 (webtiles) character file.

Game seed: 7955236797188592082

170 lordive the Digger (level 5, 0/28 HPs)
             Began as a Gargoyle Earth Elementalist on Dec 24, 2021.
             Slain by a phantom (6 damage)
             ... on level 4 of the Dungeon.
             The game lasted 00:13:09 (3770 turns).

lordive the Digger (Gargoyle Earth Elementalist)    Turns: 3770, Time: 00:13:10

Health: 0/28       AC:  7    Str: 12    XL:     5   Next: 51%
Magic:  2/10       EV: 12    Int: 16    God:
Gold:   141        SH:  0    Dex: 10    Spells: 7/11 levels left

rFire    . . .     SeeInvis .   u - +0 morningstar
rCold    . . .     Faith    .   (no shield)
rNeg     + . .     Spirit   .   b - +0 robe
rPois    ∞         Reflect  .   (no helmet)
rElec    +         Harm     .   (no cloak)
rCorr    .         Rampage  .   h - +0 pair of gloves
Will     .....                  (no boots)
Stlth    ++........             (no amulet)
HPRegen  0.09/turn              (no ring)
MPRegen  0.12/turn              (no ring)

@: no status effects
A: sickness immunity, AC +4, negative energy resistance 1, electricity
resistance, torment resistance 1, petrification resistance
a: no special abilities


You were on level 4 of the Dungeon.
You visited 1 branch of the dungeon, and saw 4 of its levels.

You collected 141 gold pieces.

Inventory:

Hand Weapons
 l - a +0 club
 u - a +0 morningstar (weapon)
Armour
 b - a +0 robe (worn)
 d - a +0 pair of boots
 h - a +0 pair of gloves (worn)
Scrolls
 a - 2 scrolls of immolation {unknown}
 f - 2 scrolls of identify {unknown}
 i - a scroll of enchant weapon {unknown}
 m - 2 scrolls of blinking {unknown}
 p - a scroll of summoning {unknown}
 t - a scroll of noise {unknown}
Potions
 e - a potion of flight {unknown}
 g - a potion of mutation {unknown}
 j - 2 potions of haste {unknown}
 k - a potion of attraction {unknown}
 n - a potion of lignification {unknown}
 o - a potion of might {unknown}
 q - 2 potions of heal wounds {unknown}
 r - 3 potions of curing {unknown}
 s - a potion of resistance {unknown}


   Skills:
 + Level 1.6 Dodging
 + Level 2.2 Stealth
 * Level 3.6 Spellcasting
 * Level 2.3 Conjurations
 + Level 0.7 Transmutations
 * Level 5.0 Earth Magic


You had 7 spell levels left.
You knew the following spells:

 Your Spells              Type           Power      Damage    Failure   Level
a - Sandblast             Erth           38%        2d10      2%          1
b - Stone Arrow           Conj/Erth      28%        3d8       12%         3

Your spell library contained the following spells:

 Spells                   Type           Power      Damage    Failure   Level
 Passwall                 Tmut/Erth      10%        N/A       9%          2
 Petrify                  Tmut/Erth      12%        N/A       47%         4


Dungeon Overview and Level Annotations

Branches:
Dungeon (4/15)
 Temple: D:4-7

Altars:


Innate Abilities, Weirdness & Mutations

You are immune to sickness and miasma.
Your stone body is resilient. (AC +4)
You are immune to poison.
You resist negative energy. (rN+)
You are resistant to electric shocks. (rElec)
You are resistant to unholy torment.
You are immune to petrification.


Message History

The phantom is almost destroyed.
You now have no stones remaining.
The phantom hits you.
The phantom blinks!
You blink.
Casting: Sandblast (safe; 2% risk of failure)
Confirm with . or Enter, or press ? or * to list all spells.
The spell is quite dangerous to cast (12% risk of failure)!
Continue anyway?
Aiming: Stone Arrow (quite dangerous; 12% risk of failure)
Press: ? - help, Shift-Dir - straight line, f/p - phantom
Aim: a phantom (almost destroyed, 56% to hit)
You miscast Stone Arrow.
You are very lightly contaminated with residual magic.
Nothing appears to happen.
The phantom hits you.
You hit the phantom but do no damage.
The phantom is almost destroyed.
The phantom hits you but does no damage.
You hit the phantom but do no damage.
The phantom is almost destroyed.
The phantom hits you.
The phantom blinks!
You blink.
The phantom hits you but does no damage.
You closely miss the phantom.
The phantom is almost destroyed.
The phantom hits you.
The phantom blinks!
You blink.
You barely miss the phantom.
The phantom is almost destroyed.
The phantom hits you.
* * * LOW HITPOINT WARNING * * *
The phantom blinks!
You blink.
The phantom hits you but does no damage.
You barely miss the phantom.
The phantom is almost destroyed.
The phantom hits you but does no damage.
You miss the phantom.
The phantom is almost destroyed.
The phantom hits you but does no damage.
The phantom barely misses you.
Your magical contamination has completely faded away.
You barely miss the phantom.
The phantom is almost destroyed.
The phantom hits you.
You die...

# .# # #.##. #########
######.... #
#.......####..##.#.##..#
#.####..................
#.# #......).@W........
#.# #..(.........#.##.#
#.# ##.####..##### #)#
### #..# #.# #.........
#.# #..###..... #.# #.##
.... #.# #. ... #.######
#. ..


You could see a phantom.

Vanquished Creatures
  2 jellies
  A hound skeleton (D:4)
  2 adders
  8 orcs
  4 ball pythons (D:1)
  8 endoplasms
  A giant cockroach (D:4)
  8 goblins
  5 hobgoblins
  4 jackals (D:1)
  12 kobolds
  A quokka (D:2)
  6 bats
  3 frilled lizards
  4 rats
69 creatures vanquished.

Vanquished Creatures (others)
  68 plants (D:1)
68 creatures vanquished.

Grand Total: 137 creatures vanquished

Notes
Turn   | Place    | Note
-------+----------+-------------------------------------------
     0 | D:1      | lordive the Gargoyle Earth Elementalist began the quest for
                  | the Orb.
     0 | D:1      | Reached XP level 1. HP: 10/10 MP: 3/3
   181 | D:1      | Reached XP level 2. HP: 12/15 MP: 1/5
   230 | D:1      | Found a faded altar of an unknown god.
   295 | D:1      | Reached skill level 4 in Earth Magic
   929 | D:1      | Reached XP level 3. HP: 19/19 MP: 3/6
  1511 | D:2      | Reached skill level 1 in Conjurations
  1913 | D:2      | Learned a level 3 spell: Stone Arrow
  2623 | D:3      | Reached XP level 4. HP: 24/24 MP: 5/8
  3285 | D:3      | Reached skill level 5 in Earth Magic
  3539 | D:4      | Reached XP level 5. HP: 28/28 MP: 7/10
  3754 | D:4      | Noticed a phantom
  3770 | D:4      | Slain by a phantom

Illustrated notes

Levels and vault maps discovered:
D:1:      roderic_crop_circles_arrival_small, layout_basic,
          hellmonk_ecumenical_altar_dog_temple
D:2:      layout_basic
D:3:      layout_loops_corners, chequers_serial_rivers_micro_c,
          kennysheep_generic_room_2
D:4:      layout_loops_ring, elyvilon_altar_3

Skill      XL: |  1  2  3  4 |
---------------+-------------+-----
Earth Magic    | 4 5 |  5.0
Conjurations   | 1 2 |  2.3
Spellcasting   | 3 |  3.6
Dodging        | |  1.6
Stealth        | |  2.2
Transmutations | |  0.7

Action                   |  1- 3 |  4- 6 || total
-------------------------+-------+-------++-------
Melee: Morningstar       |       |     7 ||     7
 Cast: Sandblast         |    59 |    48 ||   107
Armor: Robe              |    12 |    11 ||    23
Dodge: Dodged            |    12 |     7 ||    19
